 Dungeon Crawl Stone Soup version 0.18-a0-1312-gf98331d (webtiles) character file.

5397 Kidiri the Thaumaturge (level 10, -3/50 HPs)
             Began as a Deep Elf Conjurer on Feb 14, 2016.
             Was a Follower of Sif Muna.
             Slain by a swamp worm (15 damage)
             ... on level 1 of the Lair of Beasts on Feb 15, 2016.
             The game lasted 01:13:07 (14360 turns).

Kidiri the Thaumaturge (Deep Elf Conjurer)         Turns: 14360, Time: 01:13:09

Health: -3/50      AC:  5    Str:  5    XL:     10   Next: 40%
Magic:  16/25      EV: 14    Int: 26    God:    Sif Muna [*.....]
Gold:   450        SH:  9    Dex: 15    Spells: 9 memorised, 2 levels left

rFire  . . .     SeeInvis .     f - +2 rapier
rCold  + + .     Gourm    .     a - +0 robe
rNeg   . . .     Faith    .     i - +1 shield
rPois  .         Spirit   .     (no helmet)
rElec  .         Dismiss  .     (no cloak)
rCorr  .         Reflect  .     g - +2 pair of gloves
SustAt +         Harm     .     (no boots)
MR     +++..     Rnd*Rage +     r - amulet of regeneration
Stlth  ++++......               w - ring of ice
                                q - ring of sustain attributes

@: very slightly contaminated, extremely resistant to hostile enchantments,
stealthy
A: berserk 1, blink, clever 1, cold resistance 1, fire resistance 1, magic
resistance 2
a: Blink, Channel Energy, Renounce Religion


You were on level 1 of the Lair of Beasts.
You worshipped Sif Muna.
Sif Muna was aware of your devotion.
You were not hungry.

You visited 3 branches of the dungeon, and saw 11 of its levels.
You also visited: Ossuary.

You collected 450 gold pieces.

Inventory:

Hand Weapons
 f - a +2 rapier (weapon)
Armour
 a - a +0 robe (worn)
 g - a +2 pair of gloves (worn)
 i - a +1 shield (worn)
 j - a +0 leather armour
 z - the +3 scale mail "Xoihos" {rCorr Str+4 Stlth+}
   (You found it on level 4 of the Dungeon)

   It affects your strength (+4).
   It protects you from acid and corrosion.
   It makes you more stealthy.
 B - a +0 large shield
 C - the +1 scale mail "Liohom" {+Blink Regen+ Str-5 Int+4}
   (You found it on level 8 of the Dungeon)

   It affects your strength (-5).
   It affects your intelligence (+4).
   It lets you blink.
   It increases your rate of regeneration.
Jewellery
 q - a ring of sustain attributes (left hand)
 r - an amulet of regeneration (around neck)
 w - a ring of ice (right hand)
Wands
 v - a wand of flame (7/48)
 y - a wand of teleportation (1/9)
 K - a wand of confusion (14/48)
Scrolls
 d - 3 scrolls of blinking
 l - 2 scrolls of immolation
 m - a scroll of summoning {unknown}
 n - 2 scrolls of remove curse
 s - a scroll of fog
 t - 3 scrolls of amnesia
 u - a scroll of teleportation
 H - a scroll of brand weapon {unknown}
 J - 2 scrolls of magic mapping {unknown}
Potions
 e - 4 potions of curing
 h - 2 potions of lignification
 p - a potion of might {unknown}
 x - 3 potions of berserk rage
 A - 2 potions of haste
 D - 2 potions of invisibility
 E - a potion of cancellation
 F - a potion of flight
 G - a potion of beneficial mutation
 M - a potion of magic {unknown}
Books
 b - a book of Conjurations

   Spells                             Type                      Level
   a - Magic Dart                     Conjuration                  1
   b - Searing Ray                    Conjuration                  2
   c - Dazzling Spray                 Conjuration/Hexes            3
   d - Fulminant Prism                Conjuration/Hexes            4
   e - Iskenderun's Mystic Blast      Conjuration                  4
   f - Iskenderun's Battlesphere      Conjuration/Charms           5
 k - a Young Poisoner's Handbook

   Spells                             Type                      Level
   a - Sting                          Conjuration/Poison           1
   b - Cure Poison                    Poison                       2
   c - Mephitic Cloud                 Conjuration/Poison/Air       3
   d - Olgreb's Toxic Radiance        Poison                       4
   e - Venom Bolt                     Conjuration/Poison           5
Comestibles
 c - 4 bread rations
 o - a meat ration
 I - a beef jerky


   Skills:
 + Level 4.4 Short Blades
 + Level 3.3 Armour
 * Level 8.0 Dodging
 * Level 7.3 Stealth
 + Level 3.2 Shields
 * Level 9.1 Spellcasting
 + Level 6.5 Conjurations
 + Level 5.5 Hexes
 + Level 3.9 Charms
 + Level 0.8 Air Magic
 + Level 2.3 Poison Magic
 + Level 4.0 Invocations
 + Level 0.9 Evocations


You had 2 spell levels left.
You knew the following spells:

 Your Spells              Type           Power        Failure   Level  Hunger
a - Magic Dart            Conj           ####         1%          1    None
b - Searing Ray           Conj           #####.       2%          2    None
c - Dazzling Spray        Conj/Hex       #####...     8%          3    None
d - Iskenderun's Mystic   Conj           #####...     17%         4    #......
e - Fulminant Prism       Conj/Hex       #####.....   21%         4    #......
f - Iskenderun's Battles  Conj/Chrm      #####...     75%         5    ####...
g - Sting                 Conj/Pois      ####         4%          1    None
h - Cure Poison           Pois           ###.......   14%         2    None
i - Mephitic Cloud        Conj/Pois/Air  ####....     17%         3    None


Dungeon Overview and Level Annotations

Branches:
Dungeon (9/15)             Temple (1/1) D:5            Lair (1/8) D:8
    Orc: D:9-12

Altars:
Ashenzari
Cheibriados
Dithmenos
Elyvilon
Fedhas
Gozag
Kikubaaqudgha
Makhleb
Nemelex Xobeh
Okawaru
Qazlal
Ru
Sif Muna
Trog
Vehumet
Xom
Yredelemnul
Zin
The Shining One

Shops:
D:5 :

Annotations:
D:5 Ymberto's ghost, novice HuGl


Innate Abilities, Weirdness & Mutations

You tend to lose your temper in combat.
You can translocate small distances at will.
Your mind is acute. (Int +2)
Your flesh is cold resistant.
Your flesh is heat resistant.
You are highly resistant to hostile enchantments.


Message History

Press: ? - help, Shift-Dir - straight line, f/p - swamp worm
Aim: a swamp worm (lightly wounded)
The spray of energy hits the swamp worm.
The swamp worm is heavily wounded.
The spray of energy hits the worm.
You kill the worm!
The swamp worm bites you!!
Unknown command.
Casting: Dazzling Spray
Confirm with . or Enter, or press ? or * to list all spells.
Aiming: Dazzling Spray
Press: ? - help, Shift-Dir - straight line, f/p - swamp worm
Aim: a swamp worm (heavily wounded)
You miscast Dazzling Spray.
You are very lightly contaminated with residual magic.
You hear an indistinct dissonance whispering inside your mind.
The swamp worm bites you!
* * * LOW HITPOINT WARNING * * *
The swamp worm bites you!
You die...

#### #### ######
###...###.P####.#..####
......................#
+#...#......###PPP...##
...(.#....@.#........##
.....#....†w#.........##
............≈≈≈≈≈≈≈≈.≈≈#
...........≈≈≈≈≈≈≈≈≈≈≈##
...#...†≈≈≈#######≈≈≈#
...#....≈≈≈#≈≈w≈≈##≈≈#
#+ #...†≈≈P≈≈≈≈≈≈ #≈≈#
..........≈≈P#≈≈≈≈≈ #≈≈#
..........≈≈≈###### ≈≈≈≈


You could see a swamp worm.

Vanquished Creatures
  Pikel (D:8)
  A troll (D:9)
  The ghost of Feta the Cleaver, an amateur HOGl (D:4)
  Grinder (D:4)
  Eustachio (D:4)
  Sigmund (D:3)
  A hungry ghost (D:7)
  4 hippogriffs
  Menkaure (Ossuary)
  An orc warrior (D:6)
  2 black bears (D:9)
  An ice beast (Temple)
  A slave (D:8)
  2 wasps (D:9)
  4 ogres
  2 centaurs
  3 crocodiles
  5 giant frogs
  7 scorpions
  7 crimson imps
  2 centaur zombies
  A quasit (D:9)
  A giant frog zombie (D:7)
  An orc wizard (D:6)
  A centaur skeleton (D:6)
  2 jellies
  3 orc priests
  6 hounds
  Ijyb (D:4)
  5 iguanas
  6 worker ants
  A hound skeleton (D:9)
  2 mummies (Ossuary)
  A worker ant zombie (D:7)
  8 gnolls
  6 adders
  2 shadow imps
  An adder zombie (D:6)
  18 worms
  9 giant geckos
  11 orcs
  A ball python (D:2)
  4 giant cockroaches
  6 gnoll zombies (Ossuary)
  15 goblins
  17 hobgoblins
  9 jackals
  4 quokkas
  9 bats
  A giant gecko skeleton (D:6)
  6 giant newts
  3 gnoll skeletons (Ossuary)
  2 goblin skeletons (Ossuary)
  A goblin zombie (Ossuary)
  2 hobgoblin skeletons (Ossuary)
  2 hobgoblin zombies (Ossuary)
  A jackal skeleton (D:5)
  10 kobolds
  3 kobold skeletons (Ossuary)
  4 kobold zombies (Ossuary)
  2 orc skeletons (Ossuary)
  A quokka skeleton (D:6)
  6 rats
  A rat skeleton (Ossuary)
  A rat zombie (Ossuary)
246 creatures vanquished.

Vanquished Creatures (others)
  A giant frog skeleton (D:8)
  A worker ant (D:8)
  A mummy (Ossuary)
  A giant cockroach (D:8)
  A gnoll zombie (Ossuary)
  A gnoll skeleton (Ossuary)
  A goblin skeleton (Ossuary)
  3 goblin zombies (Ossuary)
  2 hobgoblin skeletons (Ossuary)
  3 hobgoblin zombies (Ossuary)
  4 kobold skeletons (Ossuary)
  A kobold zombie (Ossuary)
  3 orc skeletons (Ossuary)
  2 orc zombies (Ossuary)
  A rat skeleton (Ossuary)
  A rat zombie (Ossuary)
  2 plants (Lair:1)
29 creatures vanquished.

Grand Total: 275 creatures vanquished

Notes
Turn   | Place    | Note
--------------------------------------------------------------
     0 | D:1      | Kidiri the Deep Elf Conjurer began the quest for the Orb.
     0 | D:1      | Reached XP level 1. HP: 10/10 MP: 6/6
   398 | D:1      | Reached XP level 2. HP: 15/15 MP: 5/8
   402 | D:1      | Learned a level 2 spell: Searing Ray
  1473 | D:1      | Reached XP level 3. HP: 19/19 MP: 4/9
  1478 | D:1      | Learned a level 3 spell: Dazzling Spray
  1738 | D:2      | Found a glowing silver altar of Zin.
  1738 | D:2      | Noticed an angel
  1924 | D:2      | Gained mutation: You are resistant to hostile enchantments. [potion of beneficial mutation]
  2072 | D:2      | Reached skill level 1 in Short Blades
  2525 | D:2      | Reached XP level 4. HP: 22/24 MP: 4/11
  2534 | D:2      | Learned a level 4 spell: Iskenderun's Mystic Blast
  2663 | D:2      | Reached skill level 1 in Hexes
  3753 | D:3      | Reached skill level 1 in Shields
  3846 | D:3      | Noticed Sigmund
  3852 | D:3      | Killed Sigmund
  3852 | D:3      | Reached skill level 1 in Armour
  3852 | D:3      | Reached XP level 5. HP: 19/28 MP: 4/13
  3892 | D:3      | Reached skill level 5 in Conjurations
  4115 | D:3      | Reached XP level 6. HP: 32/32 MP: 11/15
  4218 | D:3      | Learned a level 4 spell: Fulminant Prism
  4448 | D:3      | Reached skill level 5 in Spellcasting
  4759 | D:4      | Gained mutation: You tend to lose your temper in combat. [potion of mutation]
  4759 | D:4      | Gained mutation: You expend magic power (3 MP) to strengthen your wands. [potion of mutation]
  4760 | D:4      | Gained mutation: Your flesh is heat resistant. [potion of mutation]
  4760 | D:4      | Gained mutation: Your mind is acute. (Int +2) [potion of mutation]
  4760 | D:4      | Gained mutation: You are highly resistant to hostile enchantments. [potion of mutation]
  4914 | D:4      | Noticed Feta's ghost (amateur HOGl)
  5339 | D:4      | Noticed Eustachio
  5353 | D:4      | Killed Eustachio
  5353 | D:4      | Reached XP level 7. HP: 25/36 MP: 2/17
  5609 | D:4      | Killed Feta's ghost
  5609 | D:4      | Reached skill level 5 in Dodging
  5730 | D:4      | Noticed Grinder
  5786 | D:4      | Killed Grinder
  5786 | D:4      | Reached skill level 6 in Spellcasting
  5942 | D:4      | Noticed Ijyb
  5948 | D:4      | Killed Ijyb
  6166 | D:4      | Got a scorched scale mail
  6294 | D:5      | Entered Level 5 of the Dungeon
  6312 | D:5      | Found a staircase to the Ecumenical Temple.
  6349 | Temple   | Entered the Ecumenical Temple
  6357 | Temple   | Reached XP level 8. HP: 15/41 MP: 5/19
  6370 | Temple   | Became a worshipper of Sif Muna the Loreminder
  6529 | D:5      | Found Cofaew's Book Emporium.
  6589 | D:5      | Noticed Ymberto's ghost (novice HuGl)
  6935 | D:5      | Learned a level 5 spell: Iskenderun's Battlesphere
  7563 | D:5      | Identified the +3 scale mail "Xoihos" {rCorr Str+4 Stlth+} (You found it on level 4 of the Dungeon)
  7638 | D:5      | Reached skill level 1 in Invocations
  7730 | D:6      | Reached skill level 7 in Spellcasting
  7730 | D:6      | Reached skill level 1 in Charms
  7885 | D:6      | Reached skill level 5 in Stealth
  8309 | D:6      | Found a burning altar of Makhleb.
  8618 | D:6      | Reached XP level 9. HP: 45/45 MP: 15/22
  8908 | D:6      | Learned a level 1 spell: Sting
  8911 | D:6      | Learned a level 2 spell: Cure Poison
  9523 | D:7      | Lost mutation: You expend magic power (3 MP) to strengthen your wands. [potion of mutation]
  9523 | D:7      | Gained mutation: Your flesh is cold resistant. [potion of mutation]
  9523 | D:7      | Gained mutation: You can translocate small distances at will. [potion of mutation]
  9759 | D:7      | Found a sand-covered staircase.
  9827 | D:7      | Reached * piety under Sif Muna
  9874 | Ossuary  | Entered an ossuary
 10508 | Ossuary  | Noticed Menkaure
 10511 | Ossuary  | Killed Menkaure
 10674 | D:7      | Reached skill level 8 in Spellcasting
 11396 | D:8      | Noticed Pikel
 11406 | D:8      | Killed Pikel
 11406 | D:8      | Reached skill level 5 in Hexes
 11406 | D:8      | Reached skill level 1 in Poison Magic
 11512 | D:8      | Found a sparkling altar of Nemelex Xobeh.
 11648 | D:8      | Learned a level 3 spell: Mephitic Cloud
 11788 | D:8      | Found a staircase to the Lair.
 11811 | D:8      | Reached XP level 10. HP: 42/50 MP: 19/24
 11891 | D:8      | Got a faintly glowing scale mail
 11902 | D:8      | Identified the +1 scale mail "Liohom" {+Blink Regen+ Str-5 Int+4} (You found it on level 8 of the Dungeon)
 11902 | D:8      | Lost strength.
 12704 | D:9      | Found an ancient bone altar of Kikubaaqudgha.
 12840 | D:9      | Paralysed by a wasp for 1 turns
 13124 | D:9      | Reached skill level 9 in Spellcasting
 13203 | D:9      | Found a glowing golden altar of the Shining One.
 13922 | Lair:1   | Entered Level 1 of the Lair of Beasts
 14360 | Lair:1   | Slain by a swamp worm

Vault maps used:
D:1:      dpeg_arrival_simpleton_c
D:2:      zin_angel, corexii_leaking_fountain, grunt_ministairs_15
D:3:      glass_columns_b, supply_closet_lemuel, uniq_sigmund
D:4:      kennysheep_goblin_castle, uniq_grinder, uniq_eustachio
D:5:      temple_pool_b, first_bread, serial_shops, shop
D:6:      lemuel_statue_altar
D:7:      nicolae_ossuary_entry_ruins
D:8:      nemelex_altar_shiori, lair_0_dummy, serial_glass, glass_columns_a,
          glass_columns_c, uniq_pikel
D:9:      nicolae_overflow_hidden_temple, basic_altar
Temple:   nicolae_temple_x_marks_the_god_16
Lair:1:   minmay_lair_oklob_items, worms_lemuel
Ossuary:  ossuary_due_pyramid

Action                   |  1- 3 |  4- 6 |  7- 9 | 10-12 || total
-------------------------+-------+-------+-------+-------++-------
Melee: Short sword       |    15 |     2 |       |       ||    17
       Rapier            |       |       |    68 |    37 ||   105
 Cast: Magic Dart        |    80 |    63 |   161 |    46 ||   350
       Searing Ray       |     3 |    17 |    37 |    12 ||    69
       Dazzling Spray    |       |       |    42 |    39 ||    81
       Sting             |       |       |     3 |     2 ||     5
       Mephitic Cloud    |       |       |       |     3 ||     3
  Use: Scroll            |     2 |     4 |    18 |     4 ||    28
       Potion            |     1 |     3 |     2 |     1 ||     7
 Stab: Sleeping          |     3 |     1 |    13 |     3 ||    20
       Invisible         |       |       |     4 |     2 ||     6
       Confused          |       |       |       |     1 ||     1
  Eat: Chunk             |     5 |     6 |     4 |       ||    15
       Meat ration       |       |     1 |     2 |     1 ||     4
       Pizza             |       |     1 |       |       ||     1
       Beef jerky        |       |       |     2 |     3 ||     5
       Fruit             |       |       |     1 |       ||     1
